 Dungeon Crawl Stone Soup version 0.32-a0-928-g1cae6b7ea0 (webtiles) character file.

Game seed: 14862712016139584756

2718 FIREandBLOOD the Zephyrmancer (level 9, 61/61 HPs)
             Began as a Barachi Air Elementalist on Mar 30, 2024.
             Quit the game in the Ecumenical Temple on Apr 13, 2024.
             The game lasted 00:41:23 (7650 turns).

FIREandBLOOD the Zephyrmancer (BaAE)                Turns: 7650, Time: 00:41:24

Health: 61/61      AC: 10    Str:  9    XL:     9   Next: 66%
Magic:  22/22      EV: 11    Int: 20    God:
Gold:   340        SH:  0    Dex: 13    Spells: 4/14 levels left

rFire   . . .        n - +1 trident (spect)
rCold   . . .        (no shield)
rNeg    . . .        G - +0 steam dragon scales
rPois   .            l - +0 helmet
rElec   .            q - scarf {repulsion}
rCorr   .            (no gloves)
SInv    .            (no boots)
Will    .....        D - amulet of guardian spirit
Stlth   ++           m - ring of magical power
HPRegen 0.30/turn    C - +4 ring of protection
MPRegen 0.18/turn

%: repel missiles, guardian spirit
@: slow
A: amphibious, slowness 1, strong legs 1, +LOS
a: Hop


You were in the Ecumenical Temple.
You visited 2 branches of the dungeon, and saw 8 of its levels.
You also visited: Ossuary.

You collected 340 gold pieces.

Inventory:

Hand Weapons
 h - a +0 dagger
 n - a +1 spectral trident (weapon)
 K - the +8 hand axe "Xuykuero" {flame, rCorr SInv}
   (You took it off an orc on level 7 of the Dungeon)

   SInv:      It lets you see invisible.
   rCorr:     It protects you from acid and corrosion.
Missiles
 g - 11 poisoned darts
Armour
 a - a +0 robe
 l - a +0 helmet (worn)
 o - a +0 buckler
 q - a scarf of repulsion (worn)
 G - +0 steam dragon scales (worn)
 J - a +1 cloak
Jewellery
 m - a ring of magical power (left hand)
 C - a +4 ring of protection (right hand)
 D - an amulet of guardian spirit (around neck)
 I - a +6 ring of intelligence
Wands
 k - a wand of charming (13)
 p - a wand of polymorph (13)
Scrolls
 d - a scroll of fog
 f - a scroll of revelation
 r - a scroll of torment {unknown}
 t - 4 scrolls of identify
 v - 2 scrolls of immolation {unknown}
 w - 2 scrolls of poison {unknown}
 x - 2 scrolls of vulnerability {unknown}
 y - a scroll of amnesia {unknown}
 B - 3 scrolls of teleportation {unknown}
 F - a scroll of blinking
Potions
 b - 3 potions of magic
 c - 2 potions of heal wounds {unknown}
 e - 2 potions of brilliance {unknown}
 i - 2 potions of lignification {unknown}
 j - 2 potions of mutation {unknown}
 s - 6 potions of curing
 u - 5 potions of cancellation {unknown}
 z - 2 potions of might {unknown}
 A - 3 potions of attraction {unknown}
 E - a potion of resistance {unknown}
 H - a potion of invisibility {unknown}


   Skills:
 + Level 2.3 Fighting
 - Level 2.2 Dodging
 - Level 1.7 Stealth
 - Level 4.0 Shields
 - Level 3.2 Spellcasting
 - Level 5.3 Conjurations
 - Level 12.2 Air Magic


You had 4 spell levels left.
You knew the following spells:

 Your Spells              Type           Power      Damage    Failure   Level
a - Shock                 Conj/Air       100%       1d9       1%          1
b - Swiftness             Air            51%        N/A       1%          3
c - Static Discharge      Conj/Air       76%        3-7/arc   1%          2
d - Airstrike             Air            25%        2d(4-20)  1%          4

Your spell library contained the following spells:

 Spells                   Type           Power      Damage    Failure   Level
 Cigotuvi's Dreadful Rot  Necr/Alch/Air  38%        N/A       4%          2
 Ensorcelled Hibernation  Hex/Ice        6%         N/A       22%         2
 Fugue of the Fallen      Necr           3%         N/A       38%         3
 Anguish                  Hex/Necr       1%         N/A       80%         4
 Dispel Undead            Necr           3%         3d7       80%         4
 Martyr's Knell           Necr/Summ      3%         N/A       80%         4


Dungeon Overview and Level Annotations

Branches:
Dungeon (7/15)             Temple (1/1) D:7         Ossuary (visited)

Altars:
Ashenzari
Dithmenos
Elyvilon
Gozag
Hepliaklqana
Kikubaaqudgha
Makhleb
Nemelex Xobeh
Okawaru
Ru
Sif Muna
Trog
Vehumet
Wu Jian
Xom
Yredelemnul
Zin
The Shining One

Annotations:
D:7 Joseph


Innate Abilities, Weirdness & Mutations

You are amphibious.
You cover ground slowly.
You can hop short distances.
You have an extended range of vision and can be seen from far away.


Message History

You start resting.
HP restored.
You start resting.
Magic restored.
Things that are here:
a +2 whip of freezing; a +0 robe; the kobold corpse of Pikel
Found a potion of curing.
Things that are here:
a +0 leather armour; a +1 heavy flail
Items here: ( ))) [ ÷÷÷.
g - 11 poisoned darts (gained 7)
Things that are here:
a +0 short sword; a +0 shortbow; a centaur skeleton
Things that are here:
a +0 short sword; a +0 shortbow; a centaur skeleton
Items here: ( ))) [ ÷÷÷.
K - the +8 hand axe "Xuykuero" {flame, rCorr SInv}
s - 6 potions of curing (gained 1)
You see here a water moccasin corpse.
Found a staircase to the Ecumenical Temple.
You see here 6 stones.
Found a book of Vapours.
There is a staircase to the Ecumenical Temple here.
You climb downwards.
Welcome to the Ecumenical Temple!
Found nine altars.
Found a staircase back to the Dungeon.
There is a staircase back to the Dungeon here.
Found a burning altar of Makhleb.
Hop to where?
Press: ? - help, Q - select action, (/) - cycle Dir - move target, f - you
Okay, then.
Found a radiant altar of Vehumet.
Found a sacrificial altar of Ru.
There is a burning altar of Makhleb here.
There is a shimmering blue altar of Sif Muna here.
You kneel at the altar of Sif Muna.
Welcome back, FIREandBLOOD the Barachi Air Elementalist.
Press ? for a list of commands and other information.
Welcome back, FIREandBLOOD the Barachi Air Elementalist.
Press ? for a list of commands and other information.
Are you sure you want to abandon this character and quit the game? (Confirm with "yes".)

≈≈≈≈≈≈≈≈≈≈≈≈≈≈≈≈≈≈≈≈§§≈≈≈≈≈≈≈≈≈≈≈
≈≈≈≈§§≈≈≈≈§§≈≈≈§≈≈§≈≈≈§≈≈≈≈≈≈≈≈≈≈
≈≈≈§≈≈≈≈≈≈§≈≈≈≈≈§§§≈≈≈≈§§≈≈≈≈≈≈≈≈
≈≈≈≈≈≈≈≈≈≈≈§≈≈§§§§≈≈§≈§§≈≈≈≈≈≈≈≈≈
≈≈≈≈≈§≈≈≈≈§≈≈≈§§≈≈≈≈§≈§≈≈≈≈≈≈≈≈≈≈
≈≈≈≈§≈≈§§§§≈§§§§≈§≈§≈≈≈≈§≈≈≈≈≈≈≈≈
≈≈§≈≈≈≈§§≈§≈≈§§§§§≈≈§§≈≈§≈≈≈≈≈≈≈≈
...§........§§..§.§..............
.............§.§@..§.._..........
.........._................._....
.._..............................
.................................
.......⌠...........⌠...........⌠.
≈.§..........._........._........
≈≈§§.._........................._
≈≈§§§..............<.............
≈≈§§.............................


There were no monsters in sight!

Vanquished Creatures
  Pikel (D:7)
  A steam dragon (D:6)
  A water moccasin (D:7)
  A black bear (D:5)
  2 ogres
  2 centaurs
  3 lemures
  An elf zombie (Ossuary)
  A weeping skull (Ossuary)
  A bullfrog (D:6)
  A kobold brigand (D:7)
  4 scorpions
  A burial acolyte (Ossuary)
  2 centaur zombies (Ossuary)
  3 human zombies (Ossuary)
  3 orc priests
  2 hounds
  3 jellies
  A sleepcap (D:6)
  Natasha (thrice) (D:3)
  6 iguanas
  4 orc wizards (D:6)
  A hound zombie (Ossuary)
  2 mummies (Ossuary)
  3 gnolls (D:5)
  6 adders
  2 shadow imps
  A white imp (D:3)
  3 ufetubi
  4 dart slugs
  2 ribbon worms
  23 orcs
  7 endoplasms
  2 giant cockroaches
  3 gnoll zombies (Ossuary)
  9 goblins
  5 hobgoblins
  2 jackals (D:3)
  4 quokkas
  4 ball pythons
  5 bats
  4 frilled lizards
  7 kobolds
  6 orc zombies (Ossuary)
  8 rats
160 creatures vanquished.

Vanquished Creatures (others)
  A burial acolyte (Ossuary)
  An orc wizard (D:7)
2 creatures vanquished.

Grand Total: 162 creatures vanquished

Notes
Turn   | Place    | Note
-------+----------+-------------------------------------------
     0 | D:1      | FIREandBLOOD the Barachi Air Elementalist began the quest
                  | for the Orb.
     0 | D:1      | Reached XP level 1. HP: 13/13 MP: 3/3
   323 | D:1      | Reached XP level 2. HP: 19/19 MP: 0/5
   674 | D:1      | Reached skill level 1 in Fighting
   981 | D:1      | Reached XP level 3. HP: 26/26 MP: 1/6
  1214 | D:2      | Learned a level 3 spell: Swiftness
  1217 | D:2      | Learned a level 2 spell: Static Discharge
  1220 | D:2      | Found a faded altar of an unknown god.
  1926 | D:2      | Reached XP level 4. HP: 33/33 MP: 7/7
  2001 | D:3      | Noticed Natasha
  2011 | D:3      | Killed Natasha
  2328 | D:3      | Noticed Natasha
  2330 | D:3      | Killed Natasha
  2331 | D:3      | Reached XP level 5. HP: 32/38 MP: 9/9
  2485 | D:3      | Noticed Natasha
  2492 | D:3      | Killed Natasha
  2493 | D:3      | Reached skill level 4 in Air Magic
  2918 | D:4      | Identified the +0 robe of Complete Protection {^Contam rN++
                  | Will+ Regen+}
  3039 | D:4      | Reached XP level 6. HP: 44/44 MP: 10/10
  3323 | D:4      | Reached skill level 5 in Air Magic
  3848 | D:4      | Reached skill level 1 in Shields
  4100 | D:5      | Entered Level 5 of the Dungeon
  4105 | D:5      | Reached skill level 5 in Conjurations
  4105 | D:5      | Reached XP level 7. HP: 36/50 MP: 11/11
  4176 | D:5      | Found a shadowy altar of Dithmenos.
  4213 | D:5      | Found a sand-covered staircase.
  4218 | Ossuary  | Entered an ossuary
  4419 | Ossuary  | Learned a level 4 spell: Airstrike
  4671 | Ossuary  | Reached skill level 6 in Air Magic
  4843 | Ossuary  | Reached XP level 8. HP: 41/56 MP: 11/12
  5213 | D:5      | Reached skill level 7 in Air Magic
  5412 | D:5      | Found an opulent altar of Gozag.
  5541 | D:5      | Reached skill level 8 in Air Magic
  6271 | D:6      | Reached skill level 9 in Air Magic
  6511 | D:6      | Identified the +2 mace "Uddiacze" {speed, ^Fragile rC+
                  | Str+3 Int+3}
  6538 | D:6      | Reached XP level 9. HP: 51/61 MP: 10/13
  6542 | D:6      | Reached skill level 10 in Air Magic
  7163 | D:7      | Identified the +8 hand axe "Xuykuero" {flame, rCorr SInv}
  7164 | D:7      | Noticed Pikel
  7168 | D:7      | Reached skill level 11 in Air Magic
  7295 | D:7      | Noticed Joseph
  7443 | D:7      | Killed Pikel
  7444 | D:7      | Reached skill level 12 in Air Magic
  7622 | D:7      | Found a staircase to the Ecumenical Temple.
  7632 | Temple   | Entered the Ecumenical Temple
  7650 | Temple   | Upgraded the game from 0.32-a0-871-ge202e49faa to
                  | 0.32-a0-876-gcfddb08e57
  7650 | Temple   | Upgraded the game from 0.32-a0-876-gcfddb08e57 to
                  | 0.32-a0-928-g1cae6b7ea0
  7650 | Temple   | Quit the game

Illustrated notes

Levels and vault maps discovered:
D:1:      dpeg_arrival_rooms_a, layout_loops_ring, serial_bayou_lagoon_a
D:2:      layout_basic, ebering_ecumenical_altar_petrified, chequers_avenue
D:3:      layout_rooms, uniq_natasha
D:4:      layout_loops_ring
D:5:      layout_loops_ring, nicolae_gozag_cash_rules_everything_around_me,
          lemuel_tele_altar, enter_ossuary_2
D:6:      layout_cave_pools, billiards_dpeg
D:7:      layout_loops_ring, minmay_temple_entry_gardened_gates, uniq_joseph,
          uniq_crazy_yiuf_cottage, uniq_pikel
Temple:   compressed_dpeg_triangle_lava_temple

Skill      XL: |  1  2  3  4  5  6  7  8  9 |
---------------+----------------------------+-----
Conjurations   | 2 3 4 5 |  5.3
Fighting       | 1 2 |  2.3
Spellcasting   | 3 |  3.2
Air Magic      | 4 5 6 9 12 | 12.2
Shields        | 1 4 |  4.0
Dodging        | |  2.2
Stealth        | |  1.7

Action                     |  1- 3 |  4- 6 |  7- 9 || total
---------------------------+-------+-------+-------++-------
  Melee: Unarmed           |     1 |       |       ||     1
         Spear             |     8 |       |       ||     8
         Trident           |     1 |     1 |     9 ||    11
   Cast: Shock             |    66 |   134 |   193 ||   393
         Static Discharge  |       |     5 |    59 ||    64
Ability: Hop               |     2 |     2 |     4 ||     8
    Use: Scroll            |       |     7 |     2 ||     9
         Potion            |       |     1 |       ||     1
   Stab: Sleeping          |     1 |       |       ||     1
 Armour: Robe              |     9 |    28 |    89 ||   126
         Steam dragon scal |       |       |    55 ||    55
  Dodge: Dodged            |    10 |    23 |    50 ||    83
         Repelled          |       |       |     7 ||     7

Table legend: (Time is in decaauts)
 A = Elapsed time spent in this place.
 B = Non-inter-level travel time spent in this place.
 C = Inter-level travel time spent in this place.
 D = Time resting spent in this place.
 E = Time spent auto-exploring this place.
 F = Levels seen in this place.
 G = Mean time per level.
                   A        B        C        D        E       F      G
               +--------+--------+--------+--------+--------+-----+--------+
         Total |   8394 |   8140 |    254 |   2338 |   4155 |   9 |  932.7 |
       Dungeon |   7401 |   7153 |    248 |   1975 |   3789 |   7 | 1057.3 |
        Temple |     21 |     15 |      6 |      0 |      0 |   1 |   21.0 |
       Ossuary |    971 |    971 |      0 |    363 |    366 |   1 |  971.0 |
               +--------+--------+--------+--------+--------+-----+--------+

Top non-repeatable levels by time:
     D:4: 1427 daAuts
     D:6: 1383 daAuts
     D:1: 1261 daAuts
     D:5: 1046 daAuts
     D:3: 1020 daAuts
 Ossuary: 971 daAuts
     D:2: 956 daAuts
     D:7: 305 daAuts
  Temple: 21 daAuts
